 Dungeon Crawl Stone Soup version 0.28.0 (webtiles) character file.

Game seed: 13206914011601418095

356 coolio the Covered (level 6, -7/48 HPs)
             Began as a Demonspawn Fighter on Feb 11, 2022.
             Mangled by an ogre (13 damage)
             ... on level 4 of the Dungeon.
             The game lasted 00:03:58 (4461 turns).

coolio the Covered (Demonspawn Fighter)             Turns: 4461, Time: 00:03:59

Health: -7/48      AC:  7    Str: 22    XL:     6   Next: 36%
Magic:  6/6        EV: 10    Int:  9    God:
Gold:   245        SH:  0    Dex: 13    Spells: 5/5 levels left

rFire   . . .      SeeInvis .   i - +0 battleaxe
rCold   . . .      Faith    .   (shield currently unavailable)
rNeg    + . .      Spirit   .   j - +0 ring mail of Pessimism {rPois rN+ Str+4}
rPois   +          Reflect  .   e - +0 helmet
rElec   .          Harm     .   (no cloak)
rCorr   .          Rampage  .   (no gloves)
Will    .....                   (no boots)
Stlth   +.........              (no amulet)
HPRegen 0.16/turn               (no ring)
MPRegen 0.10/turn               (no ring)

@: no status effects
A: claws 1, powered by pain 1
a: no special abilities


You were on level 4 of the Dungeon.
You visited 2 branches of the dungeon, and saw 5 of its levels.

You collected 245 gold pieces.

Inventory:

Hand Weapons
 i - a +0 battleaxe (weapon)
Armour
 e - a +0 helmet (worn)
 j - the +0 ring mail of Pessimism (worn) {rPois rN+ Str+4}
   (You found it on level 2 of the Dungeon)

   Str:       It affects your strength (+4).
   rPois:     It protects you from poison.
   rN:        It protects you from negative energy.
Wands
 m - a wand of iceblast (9)
Scrolls
 a - a scroll of identify {unknown}
 c - a scroll of silence {unknown}
 k - a scroll of fear {unknown}
 l - a scroll of enchant weapon {unknown}
 n - a scroll of enchant armour {unknown}
Potions
 b - a potion of invisibility {unknown}
 d - a potion of might
 f - a potion of cancellation {unknown}
 g - a potion of curing
 h - a potion of flight {unknown}
 o - a potion of lignification {unknown}


   Skills:
 + Level 4.1 Fighting
 * Level 4.1 Axes
 * Level 4.6 Armour
 - Level 2.6 Shields


You had 5 spell levels left.
You didn't know any spells.
Your spell library was empty.

Dungeon Overview and Level Annotations

Branches:
Dungeon (4/15)             Temple (1/1) D:4

Altars:
Ashenzari
Cheibriados
Dithmenos
Hepliaklqana
Kikubaaqudgha
Makhleb
Ru
Sif Muna
Trog
Uskayaw
Vehumet
Wu Jian
Xom
Yredelemnul
Ignis

Shops:
D:1 !

Annotations:
D:4 2 transporters, Grinder


Innate Abilities, Weirdness & Mutations

You have sharp fingernails.
You sometimes gain a little power by taking damage.


Message History

The orc closely misses you.
Your Fighting skill increases to level 4!
Your Axes skill increases to level 4!
You have reached level 6!
Your demonic ancestry asserts itself...
Your fingernails lengthen.
You barely miss the orc. The orc barely misses you.
You barely miss the orc. The orc hits you with a +0 mace.
The orc closely misses you.
You barely miss the orc.
An iguana comes into view.
The orc closely misses you.
You closely miss the orc.
The iguana hisses angrily.
The orc misses you. The orc closely misses you. The iguana closely misses you.
You slash the orc!
You kill the orc!
You slash the iguana!
You kill the iguana!
Items here: )) [[ †.
You feel a little less mighty now.
There is a stone staircase leading up here.
Items here: )) [[ †.
An ogre comes into view. It is wielding a +0 giant club.
The ogre shouts!
Found a stone staircase leading down.
Grinder comes into view.
Grinder shouts!
Found a dagger and a leather armour.
Found a shadowy altar of Dithmenos.
The ogre misses you.
You slice the ogre!!
The ogre is severely wounded.
The ogre hits you with a +0 giant club!!
Grinder blinks!
You completely miss the ogre.
The ogre is severely wounded.
The ogre hits you with a +0 giant club!!
* * * LOW HITPOINT WARNING * * *
The ogre hits you with a +0 giant club!
You die...

#.# #.# ....# ... ....#
#.# .5..# #####.#
....### ##.[.#.# >.....#
#.###..# ##[...... #.#
#..####.O§###..
#.###.#...#@.##.##.
###......#..#.#._.#.
#..........##.)....[ ###
## #.##.#......##.....#
#..
.####.##......##.##...##
#####.# ..............#
.###### #......
#############)# ..(
#.##### P#≈≈≈≈≈SS#P8#.##
#.# #.# #
.#.......#..#..###.##
#.# #


You could see Grinder and an ogre.

Vanquished Creatures
  An orc warrior (D:4)
  A scorpion (D:4)
  A hound (D:4)
  An iguana (D:4)
  7 adders
  A worm (D:2)
  2 dart slugs
  7 orcs
  6 bats
  5 endoplasms
  2 giant cockroaches
  6 goblins
  5 hobgoblins (D:2)
  7 jackals (D:1)
  7 kobolds
  4 quokkas
  2 ball pythons
  5 frilled lizards
  4 rats
74 creatures vanquished.

Vanquished Creatures (others)
  A fungus (D:2)
  3 toadstools (D:2)
4 creatures vanquished.

Grand Total: 78 creatures vanquished

Notes
Turn   | Place    | Note
-------+----------+-------------------------------------------
     0 | D:1      | coolio the Demonspawn Fighter began the quest for the Orb.
     0 | D:1      | Reached XP level 1. HP: 18/18 MP: 1/1
    95 | D:1      | Found Axzoatau's Distillery.
   484 | D:1      | Gained mutation: You sometimes gain a little power by
                  | taking damage. [demonic ancestry]
   484 | D:1      | Reached XP level 2. HP: 18/24 MP: 2/2
   628 | D:1      | Found a faded altar of an unknown god.
  1217 | D:2      | Reached XP level 3. HP: 23/29 MP: 3/3
  1494 | D:2      | Identified the +0 ring mail of Pessimism {rPois rN+ Str+4}
  2138 | D:3      | Reached XP level 4. HP: 27/35 MP: 4/4
  3505 | D:4      | Found a transporter.
  3598 | D:4      | Reached XP level 5. HP: 21/42 MP: 5/5
  4045 | D:4      | Found a staircase to the Ecumenical Temple.
  4168 | Temple   | Entered the Ecumenical Temple
  4309 | D:4      | Found a transporter.
  4329 | D:4      | Found a shimmering blue altar of Sif Muna.
  4345 | D:4      | Noticed an orc warrior
  4351 | D:4      | Killed an orc warrior
  4352 | D:4      | Gained mutation: You have sharp fingernails. [demonic
                  | ancestry]
  4352 | D:4      | Reached XP level 6. HP: 41/48 MP: 6/6
  4457 | D:4      | Noticed Grinder
  4459 | D:4      | Found a shadowy altar of Dithmenos.
  4461 | D:4      | Mangled by an ogre

Illustrated notes

Levels and vault maps discovered:
D:1:      shiori_arrival_elements, layout_basic, serial_shops,
          nicolae_shop_hallway_stairs, hellmonk_ecumenical_altar_leap_of_faith
D:2:      layout_rooms, hex_medium, minmay_gold_behind_fungi
D:3:      layout_loops_corners, minmay_crystal_room, minmay_fractal_squares_5
D:4:      gammafunk_steamed_eel, layout_loops_cross,
          nicolae_overflow_hidden_temple, nemelex_dance_club_becter,
          nicolae_dithmenos_through_a_glass_darkly,
          minmay_temple_entry_antechambers, st_stairs_8, uniq_grinder
Temple:   pdpol_scorched_temple

Skill      XL: |  1  2  3  4  5 |
---------------+----------------+-----
Axes           | 2 3 4 |  4.1
Armour         | 3 4 |  4.6
Fighting       | 4 |  4.1
Shields        | |  2.6

Action                   |  1- 3 |  4- 6 || total
-------------------------+-------+-------++-------
Melee: War axe           |    22 |       ||    22
       Battleaxe         |    79 |   165 ||   244
       Punch             |     1 |       ||     1
  Use: Potion            |       |     3 ||     3
Armor: Scale mail        |    66 |       ||    66
       Ring mail         |     8 |   115 ||   123
Dodge: Dodged            |    86 |   128 ||   214
